 Dungeon Crawl Stone Soup version 0.25.1-2-g60ff931df9 (webtiles) character file.

Game seed: 14050810919359450853

207 Arcadio the Ducker (level 5, -1/37 HPs)
             Began as a Merfolk Transmuter on Dec 4, 2020.
             Was an Initiate of Makhleb.
             Slain by an orc
             ... wielding a +0 hand axe
              (5 damage)
             ... on level 3 of the Dungeon.
             The game lasted 00:13:22 (3567 turns).

Arcadio the Ducker (Merfolk Transmuter)             Turns: 3567, Time: 00:13:23

Health: -1/37      AC:  2    Str: 10    XL:     5   Next: 85%
Magic:  2/8        EV: 15    Int: 12    God:    Makhleb [......]
Gold:   116        SH:  0    Dex: 16    Spells: 2/8 levels left

rFire    . . .     SeeInvis .   m - +5 short sword (holy)
rCold    . . .     Gourm    .   (no shield)
rNeg     . . .     Faith    .   b - +0 robe
rPois    .         Spirit   .   (no helmet)
rElec    .         Reflect  .   (no cloak)
rCorr    .         Harm     .   (no gloves)
MR       .....                  (no boots)
Stlth    +.........             (no amulet)
HPRegen  0.12/turn              (no ring)
MPRegen  0.11/turn              (no ring)

@: no status effects
A: change form in water, swift swim, stealthy swim
a: Renounce Religion


You were on level 3 of the Dungeon.
You worshipped Makhleb.
Makhleb was noncommittal.
You were hungry.

You visited 1 branch of the dungeon, and saw 3 of its levels.

You collected 116 gold pieces.

Inventory:

Hand Weapons
 c - a +1 dagger of speed
 e - a +0 club
 i - a +0 dagger
 m - a +5 short sword of holy wrath (weapon)
Missiles
 a - 23 arrows
 k - 12 poisoned darts (quivered)
 l - 188 stones
 v - 3 boomerangs
Armour
 b - a +0 robe (worn)
 f - a +0 pair of boots
 j - a +0 robe
 n - a +0 leather armour
 o - a +0 robe
Magical Staves
 q - an uncursed staff of earth {unknown}
Jewellery
 g - a cursed ring of attention {unknown}
Scrolls
 s - 3 scrolls of remove curse {unknown}
 t - a scroll of amnesia {unknown}
 u - a scroll of identify {unknown}
Potions
 h - a potion of berserk rage {unknown}
 p - a potion of magic {unknown}
Comestibles
 d - 3 rations
 r - 13 chunks of flesh


   Skills:
 - Level 1.1 Fighting
 + Level 3.1 Short Blades
 + Level 5.0 Dodging
 - Level 3.5 Unarmed Combat
 - Level 2.0 Spellcasting
 + Level 4.9 Transmutations


You had 2 spell levels left.
You knew the following spells:

 Your Spells              Type           Power        Failure   Level  Hunger
a - Beastly Appendage     Tmut           ##....       3%          1    ##.....
b - Sticks to Snakes      Tmut           ##......     5%          2    ###....
c - Spider Form           Tmut/Pois      #.........   30%         3    ####...

Your spell library contained the following spells:

 Spells                   Type           Power        Failure   Level  Hunger
 Ice Form                 Ice/Tmut       #.......     69%         4    #####..
 Blade Hands              Tmut           ##........   69%         5    ######.


Dungeon Overview and Level Annotations

Branches:
Dungeon (3/15)

Altars:
Makhleb
Vehumet


Message History

Makhleb accepts your kill.
Your Dodging skill increases to level 5!
The orc hits you with a +0 hand axe.
You barely miss the orc. You hit the orc.
The orc is heavily wounded.
The orc hits you with a +0 hand axe!
* * * LOW HITPOINT WARNING * * *
Some of the chunks of flesh in your inventory have rotted away.
You barely miss the orc.
The orc is heavily wounded.
The orc hits you with a +0 hand axe.
* * * LOW HITPOINT WARNING * * *
You closely miss the orc.
The orc is heavily wounded.
The orc barely misses you.
You closely miss the orc.
The orc is heavily wounded.
The orc hits you with a +0 hand axe.
You die...

#
#.....รท.........#.#
##.....#........#.#
#.......##...###.#
###.#####........#
..... #.#.###.##
.....# #.#..##.#
#.....# #.##.##.#
#.....# #.##.##.# .#
#....@..# .#
####o#### ... #.#
.... #.# ..... #)#
......###.#
......o[))#
.####.##### #


You could see an orc.

Vanquished Creatures
  An orc priest (D:3)
  2 hounds
  4 adders
  A leopard gecko (D:1)
  An orc (D:3)
  8 bats
  7 giant cockroaches
  8 goblins
  7 hobgoblins
  4 jackals (D:1)
  5 kobolds
  A quokka (D:2)
  A ball python (D:2)
  5 frilled lizards
  3 rats
58 creatures vanquished.

Vanquished Creatures (collateral kills)
  An orc wizard (D:3)
  4 orcs (D:3)
  A goblin (D:3)
6 creatures vanquished.

Grand Total: 64 creatures vanquished

Notes
Turn   | Place    | Note
-------+----------+-------------------------------------------
     0 | D:1      | Arcadio the Merfolk Transmuter began the quest for the Orb.
     0 | D:1      | Reached XP level 1. HP: 15/15 MP: 3/3
    78 | D:1      | Reached skill level 3 in Dodging
   497 | D:1      | Reached XP level 2. HP: 21/21 MP: 5/5
   804 | D:1      | Learned a level 2 spell: Sticks to Snakes
  1214 | D:1      | Reached XP level 3. HP: 26/26 MP: 6/6
  1317 | D:1      | Reached skill level 1 in Short Blades
  2349 | D:2      | Reached skill level 4 in Dodging
  2349 | D:2      | Reached XP level 4. HP: 17/32 MP: 7/7
  2509 | D:2      | Found a burning altar of Makhleb.
  2517 | D:2      | Became a worshipper of Makhleb the Destroyer
  3271 | D:3      | Learned a level 3 spell: Spider Form
  3292 | D:3      | Found a radiant altar of Vehumet.
  3360 | D:3      | Reached XP level 5. HP: 37/37 MP: 8/8
  3562 | D:3      | Reached skill level 5 in Dodging
  3567 | D:3      | Slain by an orc

Illustrated notes

Levels and vault maps discovered:
D:1:      kilobyte_arrival_exit_the_forest, layout_basic,
          chequers_hall_statues_y, minivault_25, corexii_hall_statues_t,
          minivault_24, minmay_misc_feat_hallway, minmay_misc_feat_encased
D:2:      layout_basic, makhleb_blood_cavern_becter
D:3:      layout_loops_cross, vehumet_crystals

Skill      XL: |  1  2  3  4  5 |
---------------+----------------+-----
Dodging        | 3 4 5 |  5.0
Transmutations | 3 4 |  4.9
Short Blades   | 2 3 |  3.1
Fighting       | |  1.1
Unarmed Combat | |  3.5
Spellcasting   | |  2.0

Action                   |  1- 3 |  4- 6 || total
-------------------------+-------+-------++-------
Melee: Unarmed           |    43 |       ||    43
       Headbutt          |     5 |     2 ||     7
       Short sword       |    75 |    72 ||   147
       Punch             |     3 |       ||     3
Throw: Dart              |    26 |       ||    26
       Stone             |     3 |       ||     3
 Cast: Beastly Appendage |     3 |     1 ||     4
       Sticks to Snakes  |       |     7 ||     7
  Use: Scroll            |     6 |       ||     6
       Potion            |     1 |       ||     1
 Stab: Sleeping          |     2 |     1 ||     3
  Eat: Chunk             |     5 |     3 ||     8
Armor: Robe              |    17 |    14 ||    31
Dodge: Dodged            |    79 |    71 ||   150
